 Dungeon Crawl Stone Soup version 0.17.1-2-g5865329 (webtiles) character file.

14560 gooby the Basher (level 11, -11/156 HPs)
             Began as a Minotaur Berserker on Jan 10, 2016.
             Was the Champion of Trog.
             Killed by divine providence
             ... invoked by Saint Roka
              (17 damage)
             ... on level 4 of the Orcish Mines.
             The game lasted 01:13:17 (12665 turns).

gooby the Basher (Minotaur Berserker)              Turns: 12665, Time: 01:13:17

Health: -11/156    AC: 25    Str: 22    XL:     11   Next: 90%
Magic:  3/3        EV:  2    Int:  4    God:    Trog [******]
Gold:   1363       SH:  0    Dex: 13    Spells: 0 memorised, 10 levels left

rFire  . . .     SeeInvis .     O - +3 great mace (antimagic)
rCold  . . .     Clarity  .     (armour currently unavailable)
rNeg   + + +     SustAt   .     (shield currently unavailable)
rPois  +         Gourm    +     (helmet currently unavailable)
rElec  .         Spirit   .     (cloak currently unavailable)
rCorr  .         Warding  .     (gloves currently unavailable)
rMut   .         NoTele   +     (boots currently unavailable)
MR     +++..                    k - amulet of the gourmand
Stlth  +.........               K - ring of protection from magic
                                A - +3 ring of slaying

@: tree-form, regenerating, extremely resistant to hostile enchantments, very
unstealthy
A: (retaliatory headbutt), (horns 0)
a: Berserk, Trog's Hand, Brothers in Arms, Burn Spellbooks, Renounce Religion


You were on level 4 of the Orcish Mines.
You worshipped Trog.
Trog was exalted by your worship.
You were very full.
You were a tree.
You visited 2 branches of the dungeon, and saw 14 of its levels.
You also visited: Bailey.

You collected 1363 gold pieces.

Inventory:

Hand Weapons
 L - a +2 flail
 O - a +3 antimagic great mace (weapon)
Armour
 a - a +1 ring mail of fire resistance
 f - a +0 cloak (melded)
 q - a +2 hat (melded)
 s - a +1 plate armour of magic resistance (melded)
 D - a +2 chain mail of cold resistance
 I - a +2 plate armour of poison resistance
Jewellery
 j - an uncursed amulet of resist mutation
 k - an amulet of the gourmand (around neck)
 p - an uncursed ring of see invisible
 w - an uncursed ring of invisibility
 y - an uncursed ring of flight
 A - a +3 ring of slaying (left branch)
 C - an uncursed amulet of rage
 K - a ring of protection from magic (right branch)
 X - an uncursed ring of protection from fire
Wands
 E - a wand of teleportation (9)
 N - a wand of paralysis (16)
 U - a wand of confusion (22)
Scrolls
 e - 6 scrolls of remove curse
 n - 4 scrolls of enchant weapon
 o - 3 scrolls of teleportation
 r - a scroll of magic mapping
 t - a scroll of fog
 R - 2 scrolls of fear
 W - a scroll of enchant armour
Potions
 b - 2 potions of cancellation
 d - 3 potions of flight
 g - 2 potions of haste
 h - a potion of might
 i - 2 potions of beneficial mutation
 m - a potion of cure mutation
 u - 6 potions of curing
 v - 4 potions of heal wounds
 x - a potion of magic
 z - 3 potions of mutation {unknown}
 B - 2 potions of berserk rage
 F - a potion of ambrosia {unknown}
 J - 2 potions of invisibility
 Y - 2 potions of brilliance
Comestibles
 c - 8 bread rations
 l - 2 royal jellies
 G - 2 meat rations
 M - a slice of pizza
 P - a beef jerky
 Q - 7 fruits
 S - 4 chunks of flesh


   Skills:
 + Level 11.8 Fighting
 + Level 13.6 Maces & Flails
 + Level 13.3 Armour
 + Level 5.8 Dodging
 + Level 0.3 Evocations


You had 10 spell levels left.
You didn't know any spells.

Dungeon Overview and Level Annotations

Branches:
Dungeon (10/15)            Temple (0/1) D:6            Lair (0/8) D:8
    Orc (4/4) D:10            Elf (0/3) Orc:4

Altars:
Ashenzari
Cheibriados
Dithmenos
Elyvilon
Fedhas
Gozag
Kikubaaqudgha
Okawaru
Sif Muna
Trog
Vehumet
Xom
Zin
The Shining One
Beogh

Shops:
Orc:2 [

Annotations:
Orc:4 Blork the orc, Saint Roka


Innate Abilities, Weirdness & Mutations

((You reflexively headbutt those who attack you in melee.))
((You have a pair of horns on your head.))


Message History

* * * LOW HITPOINT WARNING * * *
Saint Roka invokes the aid of Beogh against you.
Something smites you!
* * * LOW HITPOINT WARNING * * *
Okay, then.
Drink which item? (? for menu, Esc to quit)
You turn into a tree.
Your +0 cloak melds into your body.
Your +2 hat melds into your body.
Your +1 plate armour of magic resistance melds into your body.
You feel less resistant to hostile enchantments.
Your roots penetrate the ground.
The warg bites you but does no damage. The orc hits you but does no damage.
Saint Roka mumbles some strange prayers to Beogh against you.
Something smites you!
* * * LOW HITPOINT WARNING * * *
The warg bites you but does no damage.
You completely miss the warg. The warg bites you but does no damage.
Saint Roka mumbles some strange prayers to Beogh against you.
Something smites you!
You die...

.
##...[...............
#......≈≈≈≈≈≈≈≈≈....
##.....≈#######≈....
##......≈# #≈....
#.......≈# #≈....
#....(..≈# #≈....
..#####......≈#
#≈....
...o.8..o....≈#
#≈....
....o.ooh♣...≈#
+...##
.....o.ooo.).≈#
+.)..#
...........$.≈#
#≈).##
.....8.$.....≈#
#≈.##.
..#####......≈#
#≈..#. . #.......≈#
#≈.... #.......≈#
#≈....
##......≈#######≈....
≈≈≈≈≈≈≈≈≈....


You could see Saint Roka, a warg, Blork the orc (frenzied), 3 orc warriors, an
orc priest (frenzied) and 3 orcs.

Vanquished Creatures
  An orc warlord (Bailey)
  Erolcha (D:8)
  2 orc high priests
  Nergalle (D:10)
  3 hill giants (D:10)
  Pikel (D:8)
  Maurice (D:8)
  A troll (Orc:3)
  A two-headed ogre (D:9)
  5 yaks (D:9)
  A deep elf mage (D:10)
  A hippogriff (D:8)
  17 orc warriors
  A black bear (D:10)
  2 phantoms
  A slave (D:8)
  A necrophage (D:9)
  2 ice beasts
  7 ogres
  6 centaurs
  2 big kobolds
  A gnoll sergeant (D:5)
  5 giant frogs
  3 scorpions
  15 killer bees
  A giant frog zombie (D:7)
  8 wights
  2 crimson imps
  4 hounds
  4 centaur skeletons
  14 orc priests
  A jelly (D:8)
  15 orc wizards
  4 iguanas
  8 worker ants
  A hound zombie (D:6)
  8 adders
  6 gnolls
  An adder zombie (D:5)
  3 worms
  3 giant geckos
  150 orcs
  2 ball pythons (D:4)
  8 giant cockroaches
  8 hobgoblins
  32 kobolds
  9 bats
  A giant gecko skeleton (D:4)
  4 giant newts
  9 goblins
  11 jackals
  4 quokkas
  A quokka zombie (D:8)
  4 rats
  A bush (D:1)
  A plant (D:1)
410 creatures vanquished.

Vanquished Creatures (others)
  2 slaves (D:8)
  A crimson imp (D:8)
3 creatures vanquished.

Grand Total: 413 creatures vanquished

Notes
Turn   | Place    | Note
--------------------------------------------------------------
     0 | D:1      | gooby the Minotaur Berserker began the quest for the Orb.
     0 | D:1      | Reached XP level 1. HP: 19/19 MP: 0/0
   481 | D:1      | Reached XP level 2. HP: 17/27 MP: 1/1
   613 | D:1      | Reached skill level 4 in Maces & Flails
  1297 | D:2      | Found a deep blue altar of Sif Muna.
  1297 | D:2      | Found an opulent altar of Gozag.
  1297 | D:2      | Found a shadowy altar of Dithmenos.
  1386 | D:2      | Reached ** piety under Trog
  1440 | D:2      | Reached XP level 3. HP: 33/33 MP: 2/2
  1766 | D:2      | Reached XP level 4. HP: 34/41 MP: 3/3
  2674 | D:3      | Reached *** piety under Trog
  2713 | D:4      | Reached skill level 5 in Maces & Flails
  2713 | D:4      | Reached XP level 5. HP: 29/47 MP: 4/4
  2997 | D:4      | Reached skill level 5 in Fighting
  3055 | D:4      | Found a glowing golden altar of the Shining One.
  3057 | D:4      | Found a bloodstained altar of Trog.
  3058 | D:4      | Found a blossoming altar of Fedhas.
  3058 | D:4      | Found a white marble altar of Elyvilon.
  3058 | D:4      | Found an iron altar of Okawaru.
  3061 | D:4      | Found a radiant altar of Vehumet.
  3212 | D:4      | Found a shimmering altar of Xom.
  3244 | D:4      | Noticed an angel
  3247 | D:4      | Found a glowing silver altar of Zin.
  3522 | D:4      | Noticed a phantom
  3565 | D:4      | Killed a phantom
  3565 | D:4      | Reached XP level 6. HP: 40/56 MP: 5/5
  3653 | D:5      | Entered Level 5 of the Dungeon
  3670 | D:5      | Reached skill level 5 in Armour
  3965 | D:5      | You fall through a shaft for 2 floors!
  3965 | D:7      | Found an ancient bone altar of Kikubaaqudgha.
  3976 | D:6      | Reached XP level 7. HP: 62/62 MP: 6/6
  4104 | D:5      | Reached skill level 6 in Fighting
  4596 | D:5      | Reached **** piety under Trog
  5343 | D:6      | Found a staircase to the Ecumenical Temple.
  5348 | D:6      | Reached XP level 8. HP: 69/71 MP: 7/7
  5451 | D:6      | Reached skill level 7 in Armour
  5867 | D:7      | Found a bloodstained altar of Trog.
  5884 | D:7      | Reached skill level 8 in Armour
  5978 | D:7      | Found a snail-covered altar of Cheibriados.
  6723 | D:8      | Reached skill level 9 in Armour
  6796 | D:8      | Reached XP level 9. HP: 81/81 MP: 8/8
  6807 | D:8      | Noticed Erolcha
  6819 | D:8      | Killed Erolcha
  6819 | D:8      | Reached skill level 10 in Armour
  6997 | D:8      | Found a shattered altar of Ashenzari.
  7016 | D:8      | Noticed Maurice
  7030 | D:8      | Killed Maurice
  7109 | D:8      | Noticed Pikel
  7118 | D:8      | Killed Pikel
  7400 | D:8      | Reached XP level 10. HP: 91/91 MP: 9/9
  7412 | D:8      | Reached skill level 11 in Armour
  7413 | D:8      | Reached ***** piety under Trog
  7420 | D:8      | Reached skill level 10 in Maces & Flails
  7614 | D:8      | Found a staircase to the Lair.
  8049 | D:9      | Reached skill level 5 in Dodging
  8172 | D:9      | Found a flagged portal.
  8196 | Bailey   | Entered a bailey
  8224 | Bailey   | Noticed an orc warlord
  8285 | Bailey   | Found a runed gate.
  8325 | Bailey   | Found a runed gate.
  8327 | Bailey   | Found a runed gate.
  8425 | Bailey   | Killed an orc warlord
  8425 | Bailey   | Reached skill level 10 in Fighting
  8562 | Bailey   | Identified a scroll of acquirement
  8872 | D:9      | Reached skill level 12 in Armour
  9168 | D:10     | Entered Level 10 of the Dungeon
  9176 | D:10     | Found a staircase to the Orcish Mines.
  9202 | D:10     | Reached XP level 11. HP: 98/101 MP: 10/10
  9234 | D:10     | Noticed a hill giant
  9242 | D:10     | Killed a hill giant
  9295 | D:10     | Noticed Nergalle
  9316 | D:10     | Killed Nergalle
  9441 | D:10     | Received a gift from Trog
  9537 | D:10     | Noticed a hill giant
  9544 | D:10     | Killed a hill giant
  9681 | D:10     | Noticed a hill giant
  9689 | D:10     | Killed a hill giant
  9902 | Orc:1    | Entered Level 1 of the Orcish Mines
  9914 | Orc:1    | Reached skill level 13 in Armour
 10303 | Orc:1    | Found a roughly hewn altar of Beogh.
 10555 | Orc:2    | Found Macus's Armour Boutique.
 10679 | Orc:2    | Found a bloodstained altar of Trog.
 11139 | Orc:3    | Noticed an orc high priest
 11159 | Orc:3    | Killed an orc high priest
 11161 | Orc:3    | Reached ****** piety under Trog
 11434 | Orc:3    | Found a roughly hewn altar of Beogh.
 11562 | Orc:3    | Received a gift from Trog
 11893 | Orc:4    | Entered Level 4 of the Orcish Mines
 12153 | Orc:4    | Found a staircase to the Elven Halls.
 12240 | Orc:4    | Noticed an orc high priest
 12252 | Orc:4    | Noticed Blork the orc
 12252 | Orc:4    | Noticed a sun demon
 12655 | Orc:4    | Killed an orc high priest
 12657 | Orc:4    | Received a gift from Trog
 12658 | Orc:4    | Noticed Saint Roka
 12664 | Orc:4    | HP: 4/156 [Saint Roka/divine providence (12)]
 12665 | Orc:4    | Killed from afar by Saint Roka

Action                   |  1- 3 |  4- 6 |  7- 9 | 10-12 || total
-------------------------+-------+-------+-------+-------++-------
Melee: Mace              |   125 |    80 |       |       ||   205
       Whip              |       |    54 |    56 |       ||   110
       Flail             |       |       |   163 |   492 ||   655
       Great mace        |       |       |       |    83 ||    83
Invok: Berserk           |     1 |     1 |     1 |     2 ||     5
       Trog's Hand       |       |       |     1 |     2 ||     3
 Abil: Evoke Invisibilit |       |     1 |       |       ||     1
       Turn Visible      |       |     1 |       |       ||     1
  Use: Scroll            |       |       |     1 |    21 ||    22
       Potion            |       |       |       |     7 ||     7
  Eat: Chunk             |     4 |     8 |    12 |    26 ||    50
       Beef jerky        |       |       |       |     1 ||     1
